 Dungeon Crawl Stone Soup version 0.21-a0-641-geef9d7f (webtiles) character file.

328 mopl the Insei (level 6, 0/43 HPs)
             Began as a Barachi Transmuter on Dec 30, 2017.
             Slain by an orc
             ... wielding a +0 flail
              (4 damage)
             ... on level 3 of the Dungeon.
             The game lasted 00:05:27 (3242 turns).

mopl the Insei (Barachi Transmuter)                 Turns: 3242, Time: 00:05:28

Health: 0/43       AC:  2    Str: 11    XL:     6   Next: 50%
Magic:  2/11       EV: 18    Int: 15    God:
Gold:   65         SH:  3    Dex: 18    Spells: 1/12 levels left

rFire    . . .     SeeInvis .     - Unarmed
rCold    . . .     Gourm    .   (shield currently unavailable)
rNeg     . . .     Faith    .   (armour currently unavailable)
rPois    x         Spirit   .   (helmet currently unavailable)
rElec    .         Reflect  +   (cloak currently unavailable)
rCorr    .         Harm     .   (gloves currently unavailable)
MR       .....                  (boots currently unavailable)
Stlth    ++........             r - +3 amulet of reflection (curse)
HPRegen  0.14/turn              g - -2 ring of evasion (curse)
MPRegen  0.12/turn              (no ring)

@: spider-form
A: tiny, +LOS, swims
a: End Transformation


You were on level 3 of the Dungeon.
You were not hungry.
You were a venomous arachnid creature.
You visited 1 branch of the dungeon, and saw 4 of its levels.

You collected 65 gold pieces.

Inventory:

Missiles
 a - 60 arrows
 h - 4 poisoned needles
Armour
 b - a +0 robe (melded)
 n - a +0 pair of boots (melded)
Jewellery
 g - a cursed -2 ring of evasion (left front leg)
 r - a cursed +3 amulet of reflection (around neck)
Scrolls
 e - a scroll of enchant weapon {unknown}
 f - a scroll of noise {unknown}
 i - 4 scrolls of remove curse {unknown}
 k - a scroll of amnesia {unknown}
 o - a scroll of teleportation {unknown}
 s - 2 scrolls of identify {unknown}
Potions
 j - a potion of flight {unknown}
 l - 2 potions of might {unknown}
 m - 2 potions of lignification {!q}
 p - 2 potions of agility {unknown}
 q - 2 potions of curing {unknown}
 t - 2 potions of brilliance {unknown}
Books
 c - a book of Changes

   Spells                             Type                      Level
   a - Beastly Appendage              Transmutation                1
   b - Sticks to Snakes               Transmutation                2
   c - Spider Form                    Transmutation/Poison         3
   d - Ice Form                       Ice/Transmutation            4
   e - Blade Hands                    Transmutation                5
Comestibles
 d - 4 rations


   Skills:
 - Level 1.2 Fighting
 - Level 2.1 Dodging
 + Level 4.8 Unarmed Combat
 + Level 3.9 Spellcasting
 + Level 4.2 Transmutations
 + Level 2.8 Poison Magic


You had one spell level left.
You knew the following spells:

 Your Spells              Type           Power        Failure   Level  Hunger
a - Beastly Appendage     Tmut           ###...       11%         1    None
b - Spider Form           Tmut/Pois      ##........   30%         3    ###....
c - Blade Hands           Tmut           ###.......   83%         5    ######.
w - Sticks to Snakes      Tmut           ###.....     14%         2    ##.....


Dungeon Overview and Level Annotations

Branches:
Dungeon (4/15)
 Temple: D:4-7

Altars:
Elyvilon

Annotations:
D:4 Lanoc's ghost, novice DsTm


Innate Abilities, Weirdness & Mutations

Shadows flee at your approach. (+LOS)
You can swim through water.
((You cover ground slowly.))
((You can hop short distances.))


Message History

Lanoc's ghost hits you.
* * * LOW HITPOINT WARNING * * *
A quokka comes into view.
The orc hits you with a flail!
* * * LOW HITPOINT WARNING * * *
Lanoc's ghost hits you.
* * * LOW HITPOINT WARNING * * *
You climb upwards.
There is a stone staircase leading down here.
Unknown command.
Casting: Blade Hands
Confirm with . or Enter, or press ? or * to list all spells.
You turn into a venomous arachnid creature.
Your +0 pair of boots melds into your body.
Your +0 robe melds into your body.
The orc hits you but does no damage.
Unknown command.
You hit the orc.
The orc is poisoned.
The orc is lightly wounded.
The orc hits you with a flail.
You die...

# #.##.......# #.#####...... #
#####.######.#.# #............
#...#.# #...####.......#####
#.#.#.######......#...)...#
###.#.#......#...##.##......#####
..#.#.#..###.#(..##.##...........
..#......###.#...##.##...........
..###.#..#......o##.##...........
..+.#.#..#.#.#..s#..###+#........
..#.#.#..#.#.#...#...............
..#.#......#.#...#..###.##.######
..'.#......#.....#..#....#.#
..###.#..........#..#.####.# ..#
#.##.<.......####.####.# ..#
#............# #......# ..#
####....#.#.## ######## ###
#....#.#.#


You could see an orc.

Vanquished Creatures
  Grinder (D:3)
  An orc priest (D:4)
  Terence (D:2)
  2 adders
  An ooze (D:3)
  3 worms
  A dart slug (D:1)
  5 leopard geckos
  2 orcs
  2 ball pythons
  4 giant cockroaches
  5 goblins
  6 hobgoblins
  11 jackals
  A quokka (D:3)
  5 bats
  5 frilled lizards (D:1)
  5 kobolds
  6 rats
67 creatures vanquished.

Notes
Turn   | Place    | Note
-------+----------+-------------------------------------------
     0 | D:1      | mopl the Barachi Transmuter began the quest for the Orb.
     0 | D:1      | Reached XP level 1. HP: 15/15 MP: 3/3
   109 | D:1      | Reached XP level 2. HP: 7/21 MP: 3/5
   113 | D:1      | Learned a level 2 spell: Sticks to Snakes
   992 | D:2      | Reached XP level 3. HP: 26/26 MP: 2/7
   997 | D:2      | Learned a level 3 spell: Spider Form
  1264 | D:2      | Reached skill level 3 in Transmutations
  1384 | D:2      | You fall through a shaft!
  1384 | D:3      | Noticed Grinder
  1395 | D:3      | Reached skill level 3 in Spellcasting
  1454 | D:3      | Paralysed by Grinder for 3 turns
  1464 | D:3      | Killed Grinder
  1464 | D:3      | Reached skill level 4 in Unarmed Combat
  1464 | D:3      | Reached skill level 2 in Poison Magic
  1464 | D:3      | Reached XP level 4. HP: 13/32 MP: 3/9
  1464 | D:3      | Reached XP level 5. HP: 15/37 MP: 3/10
  1464 | D:3      | Reached XP level 6. HP: 18/43 MP: 3/11
  1737 | D:3      | Found a white marble altar of Elyvilon.
  1993 | D:2      | Learned a level 5 spell: Blade Hands
  2066 | D:2      | Noticed Terence
  2083 | D:2      | Killed Terence
  2083 | D:2      | Reached skill level 4 in Transmutations
  3040 | D:4      | Noticed Lanoc's ghost (novice DsTm)
  3041 | D:4      | Noticed an orc warrior
  3242 | D:3      | Slain by an orc

Vault maps used:
D:1:      lemuel_arrival_room
D:2:      uniq_terence
D:3:      nicolae_overflow_crystal_walls, uniq_grinder
D:4:      nicolae_ru_great_annihilating_truth, minmay_temple_entry_poolview,
          guppyfry_early_orc_mine

Skill      XL: |  1  2  3  4  5  6 |
---------------+-------------------+-----
Transmutations | 3 4 |  4.2
Spellcasting   | 3 |  3.9
Unarmed Combat | 4 |  4.8
Poison Magic   | 2 |  2.8
Fighting       | |  1.2
Dodging        | |  2.1

Action                   |  1- 3 |  4- 6 || total
-------------------------+-------+-------++-------
Melee: Unarmed           |   115 |    90 ||   205
       Headbutt          |     7 |     2 ||     9
       Kick              |     5 |       ||     5
       Punch             |     2 |       ||     2
 Cast: Beastly Appendage |    20 |     2 ||    22
       Sticks to Snakes  |     4 |       ||     4
       Spider Form       |     2 |    13 ||    15
       Blade Hands       |       |     1 ||     1
  Use: Potion            |     1 |       ||     1
 Stab: Sleeping          |       |     1 ||     1
  Eat: Chunk             |     3 |     6 ||     9
       Ration            |       |     1 ||     1
Armor: Robe              |    28 |     7 ||    35
       Skin              |     3 |     3 ||     6
Dodge: Dodged            |    83 |    48 ||   131
Block: Other             |       |     6 ||     6

Table legend:
 A = Spawn XP
 B = Non-spawn XP
 C = Spawn XP percentage of total XP
 D = Spawn monster count
 E = Non-spawn monster count
 F = Spawn count percentage of total count
 G = Total turns spent on level
                    A         B        C        D         E        F      G
               +---------+---------+-------+---------+---------+-------+---------
         Total |       0 |     469 |   0.0 |       0 |      67 |   0.0 |  3242
               +---------+---------+-------+---------+---------+-------+---------
           D:1 |       0 |      31 |   0.0 |       0 |      21 |   0.0 |   959
           D:2 |       0 |      90 |   0.0 |       0 |      20 |   0.0 |  1009
           D:3 |       0 |     291 |   0.0 |       0 |      23 |   0.0 |  1204
           D:4 |       0 |      57 |   0.0 |       0 |       3 |   0.0 |    70
               +---------+---------+-------+---------+---------+-------+---------
